 Dungeon Crawl Stone Soup version 0.28.0-53-g5a82cb258f (webtiles) character file.

Game seed: 9502464482970039632

102 SanguineChosen the Covered (level 4, -5/29 HPs)
             Began as a Gargoyle Fighter on June 29, 2022.
             Killed by divine providence
             ... invoked by an orc priest
              (13 damage)
             ... on level 3 of the Dungeon.
             The game lasted 00:09:32 (2835 turns).

SanguineChosen the Covered (Gargoyle Fighter)       Turns: 2835, Time: 00:09:32

Health: -5/29      AC: 11    Str: 22    XL:     4   Next: 78%
Magic:  4/4        EV:  9    Int:  8    God:
Gold:   76         SH:  4    Dex:  9    Spells: 3/3 levels left

rFire   . . .      SeeInvis .   a - +0 flail
rCold   . . .      Faith    .   c - +0 buckler
rNeg    + . .      Spirit   .   b - +0 scale mail
rPois   ∞          Reflect  .   (no helmet)
rElec   +          Harm     .   (no cloak)
rCorr   .          Rampage  .   m - +0 pair of gloves
Will    .....                   (no boots)
Stlth   ..........              (no amulet)
HPRegen 0.09/turn               (no ring)
MPRegen 0.09/turn               (no ring)

@: mighty
A: sickness immunity, AC +3, negative energy resistance 1, electricity
resistance, torment resistance 1, petrification resistance
a: no special abilities


You were on level 3 of the Dungeon.
You visited 1 branch of the dungeon, and saw 3 of its levels.

You collected 76 gold pieces.

Inventory:

Hand Weapons
 a - a +0 flail (weapon)
Missiles
 l - 2 poisoned darts (quivered)
Armour
 b - a +0 scale mail (worn)
 c - a +0 buckler (worn)
 m - a +0 pair of gloves (worn)
Scrolls
 i - a scroll of acquirement {unknown}
 j - a scroll of fog {unknown}
 n - a scroll of enchant weapon {unknown}
 o - 2 scrolls of teleportation {unknown}
 p - 2 scrolls of identify {unknown}
 q - a scroll of enchant armour {unknown}
Potions
 e - a potion of mutation {unknown}
 f - 2 potions of berserk rage {unknown}
 g - a potion of brilliance {unknown}
 h - 2 potions of degeneration {unknown}
 k - a potion of magic {unknown}


   Skills:
 + Level 3.7 Fighting
 + Level 3.2 Maces & Flails
 + Level 4.2 Armour
 + Level 0.6 Dodging
 + Level 3.6 Shields


You had 3 spell levels left.
You didn't know any spells.
Your spell library contained the following spells:

 Spells                   Type           Power      Damage    Failure   Level
 Foxfire                  Conj/Fire      0%         2x1d4     82%         1
 Conjure Flame            Conj/Fire      0%         6-21      99%         3
 Inner Flame              Hex/Fire       0%         N/A       99%         3
 Flame Wave               Conj/Fire      0%         2d4       100%        4


Dungeon Overview and Level Annotations

Branches:
Dungeon (3/15)

Altars:


Innate Abilities, Weirdness & Mutations

You are immune to sickness and miasma.
Your stone body is resilient. (AC +3)
You are immune to poison.
You resist negative energy. (rN+)
You are resistant to electric shocks. (rElec)
You are resistant to unholy torment.
You are immune to petrification.


Message History

Throw: 3 darts (poison)
Press: ? - help, Q - select action Shift-Dir - straight line, f/p - orc priest
Aim: an orc priest, wielding a +0 whip and wearing a +0 leather armour (54% to hit)
You throw a poisoned dart. The poisoned dart hits the orc priest.
You block the orc priest's attack.
Items here: ( )) [.
You closely miss the orc priest. You completely miss the orc.
The orc barely misses you.
You hit the orc.
The orc is lightly wounded.
The orc hits you with a +0 whip.
You closely miss the orc.
The orc is lightly wounded.
You block the orc's attack. The orc hits you but does no damage.
You hit the orc.
The orc is moderately wounded.
The orc barely misses you.
You hit the orc.
You kill the orc!
The orc priest hits you but does no damage.
You closely miss the orc priest.
The orc priest hits you but does no damage.
You closely miss the orc priest.
The orc priest hits you but does no damage.
You barely miss the orc priest.
The orc priest hits you but does no damage.
You completely miss the orc priest.
The orc priest begins to cast a cantrip, but forgets the words!
The orc priest hits you with a +0 whip.
You closely miss the orc priest.
The orc priest calls down the wrath of Beogh upon you.
Beogh smites you!
You barely miss the orc priest. The orc priest hits you with a +0 whip.
* * * LOW HITPOINT WARNING * * *
You feel very mighty all of a sudden.
The orc priest hits you but does no damage.
You closely miss the orc priest.
The orc priest mumbles some strange prayers to Beogh against you.
Beogh smites you!
You die...

.# .... .....
#####+#+#...(...
####............. .
####+####..'.............
#.......####.............
#.⌠...⌠.#.@oo#.....#.....
#.......####.#.....#....#
+...⌠...'....#.....# ....
#.......######.#+#.#
.##.# #.⌠...⌠.# ..# .#
.##.. #.......# ###### ..
### ####'####... ..
###+#........ ... #
#..........#.


You could see an orc priest and an orc.

Vanquished Creatures
  4 adders (D:2)
  2 worms
  3 orcs (D:3)
  9 bats
  3 endoplasms (D:1)
  4 giant cockroaches (D:1)
  5 goblins
  4 hobgoblins
  2 jackals (D:1)
  2 quokkas (D:2)
  5 ball pythons (D:1)
  10 frilled lizards (D:1)
  4 kobolds
  3 rats
60 creatures vanquished.

Vanquished Creatures (others)
  11 plants (D:1)
11 creatures vanquished.

Grand Total: 71 creatures vanquished

Notes
Turn   | Place    | Note
-------+----------+-------------------------------------------
     0 | D:1      | SanguineChosen the Gargoyle Fighter began the quest for the
                  | Orb.
     0 | D:1      | Reached XP level 1. HP: 14/14 MP: 1/1
   150 | D:1      | Reached XP level 2. HP: 19/19 MP: 2/2
   556 | D:1      | Reached XP level 3. HP: 20/24 MP: 3/3
  1424 | D:1      | You fall into a shaft and drop 1 floor!
  1738 | D:2      | Reached XP level 4. HP: 29/29 MP: 4/4
  1868 | D:2      | Reached skill level 4 in Armour
  2835 | D:3      | Killed from afar by an orc priest

Illustrated notes

Levels and vault maps discovered:
D:1:      nzn_arrival_crosshair, layout_basic, minmay_lizard_king
D:2:      minmay_inner_zag, layout_rooms
D:3:      layout_basic, chequers_serial_rivers_micro_b,
          minmay_misc_feat_secret_circle, minmay_fountain_box,
          kennysheep_generic_room_13

Skill      XL: |  1  2  3  4 |
---------------+-------------+-----
Armour         | 4 |  4.2
Maces & Flails | 3 |  3.2
Fighting       | |  3.7
Dodging        | |  0.6
Shields        | |  3.6

Action                   |  1- 3 |  4- 6 || total
-------------------------+-------+-------++-------
Melee: Flail             |   148 |    74 ||   222
Throw: Dart              |       |     8 ||     8
  Use: Potion            |       |     1 ||     1
Armor: Scale mail        |   109 |    39 ||   148
Dodge: Dodged            |    93 |    31 ||   124
Block: Buckler           |    34 |    14 ||    48
